 Dungeon Crawl Stone Soup version bcrawl-1.41.1 (webtiles) character file.

Game seed: 10510796620035031972

132187 TheWayOfAllFlesh the Conjurer (level 3, 26/26 HPs)
             Began as a High Elf Conjurer on Apr 22, 2024.
             Quit the game on level 1 of the Dungeon.
             The game lasted 00:03:22 (645 turns).

TheWayOfAllFlesh the Conjurer (High Elf Conjurer)    Turns: 645, Time: 00:03:23

Health: 26/26      AC:  2    Str:  7    XL:     3   Next: 1%
Magic:  8/8        EV: 13    Int: 18    God:
Gold:   51         SH:  0    Dex: 14    Spells: 4/7 levels left

rFire    . . .     GDR:     26%   - Fists (2.7)
rCold    . . .     SeeInvis .   (no shield)
rNeg     . . .     Gourm    .   a - +0 robe
rPois    .         Faith    .   (no helmet)
rElec    .         Spirit   .   (no cloak)
rCorr    .         Reflect  .   (no gloves)
MR       .....                  (no boots)
Stlth    ++........             (no amulet)
HPRegen  0.14/turn              (no ring)
MPRegen  0.11/turn              (no ring)

@: no status effects
A: obsessive focus, MP-powered wands
a: no special abilities


You were on level 1 of the Dungeon.
You were not hungry.

You visited 1 branch of the dungeon, and saw 1 of its levels.

You collected 51 gold pieces.

Inventory:

Armour
 a - a +0 robe (worn)
Jewellery
 k - a +4 ring of dexterity {unknown}
Scrolls
 b - a scroll of enchant armour {unknown}
 f - a scroll of blinking {unknown}
 i - a scroll of identify
 j - a scroll of immolation {unknown}
Potions
 c - a potion of magic
 g - a potion of haste {unknown}
 h - a potion of cancellation {unknown}
Comestibles
 d - 4 chunks of flesh
 e - 2 rations {!d}


   Skills:
 + Level 1.0 Fighting
 + Level 2.6 Dodging
 - Level 2.4 Stealth
 + Level 2.8 Spellcasting
 + Level 4.6 Conjurations
 + Level 1.3 Invocations


You had 4 spell levels left.
You knew the following spells:

 Your Spells              Type           Power        Failure   Level  Hunger
a - Magic Dart            Conj           ###.         2%          1    None
b - Searing Ray           Conj           ###.....     3%          2    ##.....

Your spell library contained the following spells:

 Spells                   Type           Power        Failure   Level  Hunger
 Iskenderun's Mystic Bla  Conj           ###.....     8%          3    ####...
 Fulminant Prism          Conj/Hex       ##........   54%         4    #####..
 Irradiate                Conj/Tmut      ##........   87%         5    #######


Dungeon Overview and Level Annotations

Branches:
Dungeon (1/12)

Altars:


Innate Abilities, Weirdness & Mutations

You can't train low skills.
You expend magic power (3 MP) to strengthen your wands.


Message History

Confirm with . or Enter, or press ? or * to list all spells.
Aiming: Magic Dart (safe; 2% risk of failure)
Press: ? - help, Shift-Dir - straight line, f/p - dart slug
Aim: a dart slug (almost dead)
The magic dart hits the dart slug.
You kill the dart slug!
Your Fighting skill increases to level 1!
You have reached level 3!
Your experience leads to an increase in your attributes!
Increase (S)trength, (I)ntelligence, or (D)exterity?
You feel clever.
You feel agile.
You start resting.
HP restored.
Magic restored.
Unknown command.
Unknown command.
Unknown command.
Are you sure you want to abandon this character and quit the game? (Confirm with "yes".)
Okay, then.
Are you sure you want to abandon this character and quit the game? (Confirm with "yes".)

#.......##.###.......
#........#.# #....#..
#........#.# #.......
#........#.# #....#.#
#..........# #....#..
#.......#..###.#.....
#########....#.#.###.
###########.#.#.#..#..
#....@........#.#..#..
#.##########..........
#.# ######..#.#..#..
#.# #.......#.#..##.
#.# #.......#.#..##.
#.# #.......#.#..##.
#.# #######.#.#..###
#.† #.#.#.## # ....
#.....####


There were no monsters in sight!

Vanquished Creatures
  A worm (D:1)
  4 dart slugs (D:1)
  3 leopard geckos (D:1)
  A giant cockroach (D:1)
  2 hobgoblins (D:1)
  3 bats (D:1)
  2 kobolds (D:1)
16 creatures vanquished.

Notes
Turn   | Place    | Note
-------+----------+-------------------------------------------
     0 | D:1      | TheWayOfAllFlesh the High Elf Conjurer began the quest for
                  | the Orb.
     0 | D:1      | Reached XP level 1. HP: 13/13 MP: 4/4
   291 | D:1      | Reached XP level 2. HP: 20/20 MP: 0/6
   344 | D:1      | Learned a level 2 spell: Searing Ray
   385 | D:1      | Reached skill level 1 in Invocations
   619 | D:1      | Reached skill level 1 in Fighting
   619 | D:1      | Reached XP level 3. HP: 23/26 MP: 4/8
   645 | D:1      | Quit the game

Skill      XL: |  1  2 |
---------------+-------+-----
Invocations    | 1 |  1.3
Fighting       | 1 |  1.0
Dodging        | |  2.6
Stealth        | |  2.4
Spellcasting   | |  2.8
Conjurations   | |  4.6

Action                   || total
-------------------------++-------
Melee: Unarmed           ||     9
 Cast: Magic Dart        ||    37
       Searing Ray       ||     1
Dodge: Dodged            ||     4
